| TOP OF THE 1ST |
|
Joplin Blasters batting - Pitching for Palm Beach Nationals : RHP Steve Boice
|
|
Pitching: RHP Steve Boice
|
|
|
Batting: RHB Nick Spriggs
|
0-0: Ball 1-0: Ball 2-0: Ball 3-0: Called Strike 3-1: Foul Ball, location: 2F 3-2: Base on Balls
|
|
Batting: RHB Tanner Holland
|
0-0: Ball 1-0: Fielders Choice at 2nd, 4-6 (Groundball, 4M, EV 80.6 MPH)
|
|
Batting: RHB Milanni Isaaka
|
0-0: Foul Ball, location: 2F 0-1: Foul Ball, location: 2F 0-2: Foul Ball, location: 2F 0-2: DOUBLE (Flyball, 89XD, EV 105.6 MPH) Tanner Holland to third
|
|
Batting: LHB Efrem Isaev
|
0-0: Ball 1-0: Foul Ball, location: 2F 1-1: Swinging Strike 1-2: Foul Ball, location: 2F 1-2: Foul Ball, location: 2F 1-2: Ball 2-2: Ball 3-2: Base on Balls
|
|
Batting: RHB Simon Sultzbach
|
0-0: Swinging Strike 0-1: Ball 1-1: SINGLE (Groundball, 6D, EV 103.1 MPH) Tanner Holland scores Milanni Isaaka to third Efrem Isaev to second Runner from 3rd tries for Home, SAFE, throw by CF to home
|
|
Batting: RHB Steve Huebner
|
0-0: Swinging Strike 0-1: Called Strike 0-2: Foul Ball, location: 2F 0-2: Strikes out swinging
|
|
Batting: RHB Jin-hoi Hur
|
0-0: Ball 1-0: Ball 2-0: Called Strike 2-1: Ball 3-1: Foul Ball, location: 2F 3-2: Foul Ball, location: 2F 3-2: Foul Ball, location: 2F 3-2: Base on Balls Efrem Isaev to third Simon Sultzbach to second
|
|
Batting: RHB Angel Melendez
|
0-0: Ball 1-0: Called Strike 1-1: Foul Ball, location: 2F 1-2: Ball 2-2: Foul Ball, location: 2F 2-2: Ball 3-2: Strikes out looking
|
| Top of the 1st over - 2 runs, 2 hits, 0 errors, 3 left on base; Joplin 2 - Palm Beach 0 |
| BOTTOM OF THE 1ST |
|
Palm Beach Nationals batting - Pitching for Joplin Blasters : RHP Jay Foster
|
|
Pitching: RHP Jay Foster
|
|
|
Batting: RHB Lou Ortman
|
0-0: Swinging Strike 0-1: Swinging Strike 0-2: Foul Ball, location: 2F 0-2: Ball 1-2: Strikes out swinging
|
|
Batting: LHB Dusty Jones
|
0-0: Ball 1-0: Foul Ball, location: 2F 1-1: Ball 2-1: Foul Ball, location: 2F 2-2: Foul Ball, location: 2F 2-2: Strikes out swinging
|
|
Batting: LHB Ken Westfall
|
0-0: Ball 1-0: Called Strike 1-1: Called Strike 1-2: Foul Ball, location: 2F 1-2: Ball 2-2: Strikes out swinging
|
| Bottom of the 1st over - 0 runs, 0 hits, 0 errors, 0 left on base; Joplin 2 - Palm Beach 0 |
| TOP OF THE 2ND |
|
Joplin Blasters batting - Pitching for Palm Beach Nationals : RHP Steve Boice
|
|
Batting: LHB Josh Lane
|
0-0: Ball 1-0: Ball 2-0: Foul Ball, location: 2F 2-1: Ball 3-1: Called Strike 3-2: Base on Balls
|
|
Batting: RHB Nick Spriggs
|
0-0: Called Strike 0-1: Ball Josh Lane steals 2nd, throwing error, E2 Josh Lane to third 1-1: Called Strike 1-2: Strikes out swinging
|
|
Batting: RHB Tanner Holland
|
0-0: Foul Ball, location: 2F 0-1: Foul Ball, location: 2F 0-2: Ball 1-2: Strikes out looking
|
|
Batting: RHB Milanni Isaaka
|
0-0: Ball 1-0: Foul Ball, location: 2F 1-1: Foul Ball, location: 2F 1-2: Ball 2-2: Foul Ball, location: 2F 2-2: Foul Ball, location: 2F 2-2: Ground out 6-3 (Groundball, 6, EV 86.9 MPH)
|
| Top of the 2nd over - 0 runs, 0 hits, 1 error, 1 left on base; Joplin 2 - Palm Beach 0 |
| BOTTOM OF THE 2ND |
|
Palm Beach Nationals batting - Pitching for Joplin Blasters : RHP Jay Foster
|
|
Batting: LHB Mike Trentham
|
0-0: Ball 1-0: Ball 2-0: Fly out, F5 (Popup, 25F, EV 87.5 MPH)
|
|
Batting: RHB Larry Myers
|
0-0: Ball 1-0: SOLO HOME RUN (Line Drive, 9D, EV 93.1 MPH), Distance : 369 ft
|
|
Batting: RHB Tom Lyles
|
0-0: Fly out, F9 (Line Drive, 9, EV 91.2 MPH)
|
|
Batting: RHB Abdul-Ra'uf bin Maimun
|
0-0: Swinging Strike 0-1: Ball 1-1: Called Strike 1-2: Strikes out swinging
|
| Bottom of the 2nd over - 1 run, 1 hit, 0 errors, 0 left on base; Joplin 2 - Palm Beach 1 |
| TOP OF THE 3RD |
|
Joplin Blasters batting - Pitching for Palm Beach Nationals : RHP Steve Boice
|
|
Batting: LHB Efrem Isaev
|
0-0: Ball 1-0: Fly out, F9 (Flyball, 9LS, EV 83.1 MPH)
|
|
Batting: RHB Simon Sultzbach
|
0-0: Fly out, F7 (Flyball, 7, EV 85.6 MPH)
|
|
Batting: RHB Steve Huebner
|
0-0: Ground out 4-3 (Groundball, 4, EV 88.1 MPH)
|
| Top of the 3rd over - 0 runs, 0 hits, 0 errors, 0 left on base; Joplin 2 - Palm Beach 1 |
| BOTTOM OF THE 3RD |
|
Palm Beach Nationals batting - Pitching for Joplin Blasters : RHP Jay Foster
|
|
Batting: RHB Steve Boice
|
0-0: Ball 1-0: Called Strike 1-1: Foul Ball, location: 2F 1-2: Strikes out swinging
|
|
Batting: RHB Trent Spivey
|
0-0: Called Strike 0-1: Ball 1-1: Foul Ball, location: 2F 1-2: Foul Ball, location: 2F 1-2: Fly out, F8 (Flyball, 8RD, EV 103.1 MPH)
|
|
Batting: RHB Lou Ortman
|
0-0: Ball 1-0: Fly out, F9 (Line Drive, 9, EV 100.0 MPH)
|
| Bottom of the 3rd over - 0 runs, 0 hits, 0 errors, 0 left on base; Joplin 2 - Palm Beach 1 |
| TOP OF THE 4TH |
|
Joplin Blasters batting - Pitching for Palm Beach Nationals : RHP Steve Boice
|
|
Batting: RHB Jin-hoi Hur
|
0-0: Ball 1-0: Ball 2-0: Ball 3-0: Called Strike 3-1: Foul Ball, location: 2F 3-2: Base on Balls
|
|
Batting: RHB Angel Melendez
|
0-0: Foul Ball, location: 2F 0-1: Foul Ball, location: 2F 0-2: SINGLE (Groundball, 6D, EV 108.8 MPH) Jin-hoi Hur to second
|
|
Batting: LHB Josh Lane
|
0-0: Ball 1-0: Foul Ball, location: 2F 1-1: Foul Ball, location: 2F 1-2: SINGLE (Groundball, 34, EV 100.6 MPH) Jin-hoi Hur to third Angel Melendez to second Runner from 3rd tries for Home, SAFE, throw by RF to home
|
|
Batting: RHB Nick Spriggs
|
0-0: Foul Ball, location: 2F 0-1: Called Strike 0-2: Ball 1-2: SINGLE (Groundball, 6D, EV 101.9 MPH) Angel Melendez to third Josh Lane to second
|
|
Batting: RHB Tanner Holland
|
0-0: Ball 1-0: Called Strike 1-1: Ball 2-1: Ball 3-1: Foul Ball, location: 2F 3-2: Base on Balls Angel Melendez scores Josh Lane to third Nick Spriggs to second
|
|
Batting: RHB Milanni Isaaka
|
0-0: Ball 1-0: Fly out, F9 (Flyball, 9D, EV 91.9 MPH) Runner from 3rd tags up, SCORES, no throw by RF Nick Spriggs to third
|
|
Batting: LHB Efrem Isaev
|
0-0: Foul Ball, location: 2F 0-1: Ball 1-1: Called Strike 1-2: Ball 2-2: Ball 3-2: Foul Ball, location: 2F 3-2: Foul Ball, location: 2F 3-2: Fly out, F8 (Flyball, 8LD, EV 101.9 MPH) Runner from 3rd tags up, OUT at HOME! 8-2
|
| Top of the 4th over - 3 runs, 3 hits, 0 errors, 1 left on base; Joplin 5 - Palm Beach 1 |
| BOTTOM OF THE 4TH |
|
Palm Beach Nationals batting - Pitching for Joplin Blasters : RHP Jay Foster
|
|
Batting: LHB Dusty Jones
|
0-0: Called Strike 0-1: Ground out 4-3 (Groundball, 4, EV 110.0 MPH)
|
|
Batting: LHB Ken Westfall
|
0-0: Called Strike 0-1: Ball 1-1: Swinging Strike 1-2: Foul Ball, location: 2F 1-2: Ball 2-2: Foul Ball, location: 2F 2-2: Ground out 1-3 (Groundball, 13S, EV 66.2 MPH)
|
|
Batting: LHB Mike Trentham
|
0-0: Ball 1-0: Ball 2-0: Foul Ball, location: 2F 2-1: DOUBLE (Line Drive, 7LD, EV 95.6 MPH)
|
|
Batting: RHB Larry Myers
|
0-0: Called Strike 0-1: Ball 1-1: Called Strike 1-2: Ball 2-2: 2-RUN HOME RUN (Flyball, 9D, EV 99.4 MPH), Distance : 365 ft
|
|
Batting: RHB Tom Lyles
|
0-0: Ground out 6-3 (Groundball, 6, EV 85.6 MPH)
|
| Bottom of the 4th over - 2 runs, 2 hits, 0 errors, 0 left on base; Joplin 5 - Palm Beach 3 |
| TOP OF THE 5TH |
|
Joplin Blasters batting - Pitching for Palm Beach Nationals : RHP Steve Boice
|
|
Batting: RHB Simon Sultzbach
|
0-0: SINGLE (Groundball, 56D, EV 106.9 MPH)
|
|
Batting: RHB Steve Huebner
|
0-0: Foul Ball, location: 2F 0-1: Ball 1-1: Foul Ball, location: 2F 1-2: Ball 2-2: Ball 3-2: Strikes out swinging
|
|
Pitching: LHP Kevin Perrell
|
|
|
Batting: RHB Jin-hoi Hur
|
0-0: Foul Ball, location: 2F 0-1: Swinging Strike 0-2: Hit by Pitch Simon Sultzbach to second
|
|
Batting: RHB Angel Melendez
|
0-0: Ball 1-0: Ball 2-0: Ball 3-0: Called Strike 3-1: Swinging Strike 3-2: Foul Ball, location: 2F 3-2: Strikes out swinging
|
|
Batting: LHB Josh Lane
|
0-0: Called Strike 0-1: Ball 1-1: Ball 2-1: Ground out U3 (Groundball, 3S, EV 78.1 MPH)
|
| Top of the 5th over - 0 runs, 1 hit, 0 errors, 2 left on base; Joplin 5 - Palm Beach 3 |
| BOTTOM OF THE 5TH |
|
Palm Beach Nationals batting - Pitching for Joplin Blasters : RHP Jay Foster
|
|
Batting: RHB Abdul-Ra'uf bin Maimun
|
0-0: Ball 1-0: Ball 2-0: Ball 3-0: Foul Ball, location: 2F 3-1: Foul Ball, location: 2F 3-2: Base on Balls
|
|
Batting: RHB Steve Boice
|
0-0: Foul Ball, location: 2F 0-1: Called Strike 0-2: Strikes out swinging
|
|
Batting: RHB Trent Spivey
|
0-0: Called Strike 0-1: Called Strike 0-2: Strikes out swinging
|
|
Batting: RHB Lou Ortman
|
0-0: Ball 1-0: Ball 2-0: Fly out, F9 (Line Drive, 9, EV 95.0 MPH)
|
| Bottom of the 5th over - 0 runs, 0 hits, 0 errors, 1 left on base; Joplin 5 - Palm Beach 3 |
| TOP OF THE 6TH |
|
Joplin Blasters batting - Pitching for Palm Beach Nationals : LHP Kevin Perrell
|
|
Batting: RHB Nick Spriggs
|
0-0: Called Strike 0-1: Called Strike 0-2: Fly out, F8 (Flyball, 8RS, EV 83.8 MPH)
|
|
Batting: RHB Tanner Holland
|
0-0: Ball 1-0: Called Strike 1-1: Called Strike 1-2: Ball 2-2: Foul Ball, location: 2F 2-2: Fly out, F9 (Flyball, 9, EV 86.2 MPH)
|
|
Batting: RHB Milanni Isaaka
|
0-0: Ball 1-0: Ball 2-0: Foul Ball, location: 2F 2-1: Fly out, F9 (Flyball, 9S, EV 88.1 MPH)
|
| Top of the 6th over - 0 runs, 0 hits, 0 errors, 0 left on base; Joplin 5 - Palm Beach 3 |
| BOTTOM OF THE 6TH |
|
Palm Beach Nationals batting - Pitching for Joplin Blasters : RHP Jay Foster
|
|
Batting: LHB Dusty Jones
|
0-0: Called Strike 0-1: Called Strike 0-2: Ball 1-2: Strikes out swinging
|
|
Batting: LHB Ken Westfall
|
0-0: Ground out U3 (Groundball, 34S, EV 76.9 MPH)
|
|
Batting: LHB Mike Trentham
|
0-0: Foul Ball, location: 2F 0-1: Ball 1-1: Fly out, F8 (Flyball, 8LD, EV 96.2 MPH)
|
| Bottom of the 6th over - 0 runs, 0 hits, 0 errors, 0 left on base; Joplin 5 - Palm Beach 3 |
| TOP OF THE 7TH |
|
Joplin Blasters batting - Pitching for Palm Beach Nationals : LHP Kevin Perrell
|
|
Batting: LHB Efrem Isaev
|
0-0: Ball 1-0: Ball 2-0: Ball 3-0: Base on Balls
|
|
Batting: RHB Simon Sultzbach
|
0-0: Called Strike 0-1: Swinging Strike 0-2: Ball 1-2: Ball 2-2: Fly out, F7 (Flyball, 7, EV 91.2 MPH)
|
|
Batting: RHB Steve Huebner
|
0-0: Ball 1-0: Ball 2-0: Called Strike 2-1: Ball 3-1: DOUBLE (Line Drive, 7LM, EV 91.2 MPH) Efrem Isaev to third
|
|
Batting: RHB Jin-hoi Hur
|
0-0: Ball 1-0: Ball 2-0: 3-RUN HOME RUN (Flyball, 7D, EV 101.2 MPH), Distance : 400 ft
|
|
Batting: RHB Angel Melendez
|
0-0: Ball 1-0: Called Strike 1-1: Ball 2-1: Ball 3-1: Base on Balls
|
|
Pitching: RHP Coltyn Forte
|
|
|
Batting: LHB Josh Lane
|
0-0: Called Strike Angel Melendez is caught stealing 2nd base 2-6 0-1: Foul Ball, location: 2F 0-2: Ball 1-2: Foul Ball, location: 2F 1-2: Ball 2-2: Ground out 5-3 (Groundball, 56S, EV 84.4 MPH)
|
| Top of the 7th over - 3 runs, 2 hits, 0 errors, 0 left on base; Joplin 8 - Palm Beach 3 |
| BOTTOM OF THE 7TH |
|
Palm Beach Nationals batting - Pitching for Joplin Blasters : RHP Jay Foster
|
|
Batting: RHB Larry Myers
|
0-0: Ball 1-0: Foul Ball, location: 2F 1-1: Ball 2-1: Ball 3-1: Base on Balls
|
|
Batting: RHB Tom Lyles
|
0-0: Swinging Strike 0-1: Called Strike 0-2: Strikes out looking
|
|
Batting: RHB Abdul-Ra'uf bin Maimun
|
0-0: Called Strike 0-1: Ball 1-1: Grounds into double play, 6-4-3 (Groundball, 56, EV 110.0 MPH)
|
| Bottom of the 7th over - 0 runs, 0 hits, 0 errors, 0 left on base; Joplin 8 - Palm Beach 3 |
| TOP OF THE 8TH |
|
Joplin Blasters batting - Pitching for Palm Beach Nationals : RHP Coltyn Forte
|
|
Pinch Hitting: RHB Kyle Finney
|
0-0: Ball 1-0: Ball 2-0: Ball 3-0: Base on Balls
|
|
Batting: RHB Tanner Holland
|
0-0: Ball 1-0: Ball Kyle Finney is caught stealing 2nd base 2-4 2-0: Called Strike 2-1: Ball 3-1: Base on Balls
|
|
Batting: RHB Milanni Isaaka
|
0-0: Ball 1-0: Foul Ball, location: 2F 1-1: Foul Ball, location: 2F 1-2: Ball 2-2: Foul Ball, location: 2F 2-2: Fly out, F7 (Flyball, 7, EV 92.5 MPH)
|
|
Batting: LHB Efrem Isaev
|
0-0: Called Strike 0-1: Foul Ball, location: 2F 0-2: Ball 1-2: Ball 2-2: DOUBLE (Groundball, 3D, EV 101.2 MPH) Tanner Holland to third Runner from 3rd tries for Home, SAFE, throw by RF to home
|
|
Batting: RHB Simon Sultzbach
|
0-0: Ball 1-0: Called Strike 1-1: Ball 2-1: Ball 3-1: Called Strike 3-2: Fly out, F9 (Flyball, 89M, EV 95.0 MPH)
|
| Top of the 8th over - 1 run, 1 hit, 0 errors, 1 left on base; Joplin 9 - Palm Beach 3 |
| BOTTOM OF THE 8TH |
|
Palm Beach Nationals batting - Pitching for Joplin Blasters : RHP Jay Foster
|
|
Now in CF: Joe Gabriel
|
|
|
Batting: RHB Steve Boice
|
0-0: Ball 1-0: Ball 2-0: Called Strike 2-1: Swinging Strike 2-2: Foul Ball, location: 2F 2-2: Ground out 5-3 (Groundball, 56S, EV 70.0 MPH)
|
|
Batting: RHB Trent Spivey
|
0-0: Ball 1-0: Ball 2-0: Ball 3-0: Called Strike 3-1: Fly out, F8 (Flyball, 8RD, EV 77.5 MPH)
|
|
Batting: RHB Lou Ortman
|
0-0: Called Strike 0-1: Swinging Strike 0-2: Ball 1-2: Strikes out swinging
|
| Bottom of the 8th over - 0 runs, 0 hits, 0 errors, 0 left on base; Joplin 9 - Palm Beach 3 |
| TOP OF THE 9TH |
|
Joplin Blasters batting - Pitching for Palm Beach Nationals : RHP Coltyn Forte
|
|
Pinch Hitting: RHB Josh Massey
|
0-0: Swinging Strike 0-1: Ball 1-1: Ball 2-1: Ball 3-1: Foul Ball, location: 2F 3-2: Base on Balls
|
|
Batting: RHB Jin-hoi Hur
|
0-0: Ball 1-0: Fielders Choice at 2nd, 4-6 (Groundball, 4, EV 101.2 MPH)
|
|
Batting: RHB Angel Melendez
|
0-0: Foul Ball, location: 2F 0-1: SINGLE (Line Drive, 6D, EV 100.0 MPH) Jin-hoi Hur to second
|
|
Batting: LHB Josh Lane
|
0-0: Fielders Choice at 2nd, 6-4 (Groundball, 6, EV 83.8 MPH) Jin-hoi Hur to third
|
|
Batting: RHB Joe Gabriel
|
0-0: Called Strike 0-1: Foul Ball, location: 2F 0-2: Ball 1-2: Ball 2-2: Foul Ball, location: 2F 2-2: Ball 3-2: Strikes out looking
|
| Top of the 9th over - 0 runs, 1 hit, 0 errors, 2 left on base; Joplin 9 - Palm Beach 3 |
| BOTTOM OF THE 9TH |
|
Palm Beach Nationals batting - Pitching for Joplin Blasters : RHP Jay Foster
|
|
Now in RF: Alex Valadez
|
|
|
Batting: LHB Dusty Jones
|
0-0: Swinging Strike 0-1: SINGLE (Line Drive, 8RS, EV 110.6 MPH)
|
|
Pitching: RHP David Bialas
|
|
|
Batting: LHB Ken Westfall
|
0-0: Foul Ball, location: 2F 0-1: Foul Ball, location: 2F 0-2: Ball 1-2: Strikes out looking
|
|
Pinch Hitting: RHB Armando Moreno
|
0-0: Ball 1-0: Ball 2-0: Called Strike 2-1: Fielders Choice at 2nd, 4-6 (Groundball, 4, EV 81.2 MPH)
|
|
Batting: RHB Larry Myers
|
0-0: Ball 1-0: Called Strike Passed Ball! Armando Moreno to second 1-1: Ball 2-1: Ground out 5-3 (Groundball, 56, EV 102.5 MPH)
|
| Bottom of the 9th over - 0 runs, 1 hit, 0 errors, 1 left on base; Joplin 9 - Palm Beach 3 |
|